 Dungeon Crawl Stone Soup version 0.31-a0-1547-g618ab1f346 (webtiles) character file.

Game seed: 11318083906349820829

80519 MacCMillion the Severer (level 15, -4/136 HPs)
             Began as a Minotaur Fighter on Jan 2, 2024.
             Was a High Priest of Okawaru.
             Slain by an Executioner (15 damage)
             ... on level 1 of the Abyss.
             The game lasted 00:38:06 (19728 turns).

MacCMillion the Severer (Minotaur Fighter)         Turns: 19728, Time: 00:38:07

Health: -4/136     AC: 23    Str: 31    XL:     15   Next: 24%
Magic:  21/21      EV: 15    Int:  9    God:    Okawaru [*****.]
Gold:   1230       SH: 13    Dex: 13    Spells: 14/14 levels left

rFire   . . .        m - +5 broad axe "Soxzanak" {venom, Int+4 Dex+3}
rCold   . . .        R - +0 kite shield
rNeg    . . .        y - +2 chain mail {Will+}
rPois   .            M - +2 hat {Will+}
rElec   .            X - +2 cloak
rCorr   .            j - +0 pair of gloves {Str+3}
SInv    +            D - +0 pair of boots
Will    +++..        t - amulet of regeneration Stlth
                     V - +5 ring of evasion
HPRegen 1.22/turn    r - ring of see invisible
MPRegen 0.17/turn

%: no passive effects
@: about to teleport
A: horns 2, retaliatory headbutt
a: Renounce Religion, Heroism, Finesse, Duel


You were on level 1 of the Abyss.
You worshipped Okawaru.
Okawaru was extremely pleased with you.
You visited 2 branches of the dungeon, and saw 17 of its levels.
You visited the Abyss 1 time.

You collected 1440 gold pieces.
You spent 210 gold pieces at shops.

Inventory:

Hand Weapons
 a - a +2 whip of electrocution
 m - the +5 broad axe "Soxzanak" (weapon) {venom, Int+4 Dex+3}
   (Okawaru gifted it to you on level 5 of the Lair of Beasts)

   Int+4:     It affects your intelligence (+4).
   Dex+3:     It affects your dexterity (+3).
 G - a +0 broad axe
Missiles
 c - 6 silver javelins
 f - 43 poisoned darts
 H - a dart of dispersal
 P - 5 curare-tipped darts
 T - 6 boomerangs (quivered)
 U - 10 javelins
 Y - 5 atropa-tipped darts
Armour
 j - a +0 pair of gloves of strength (worn)
 y - a +2 chain mail of willpower (worn)
 D - a +0 pair of boots (worn)
 M - a +2 hat of willpower (worn)
 R - a +0 kite shield (worn)
 X - a +2 cloak (worn)
Jewellery
 r - a ring of see invisible (right hand)
 t - an amulet of regeneration (around neck)
 A - the ring "Nojoma" {rF+ Str+3}
   (You took it off a yaktaur on level 11 of the Dungeon)

   [ring of protection from fire]

   Str+3:     It affects your strength (+3).
   rF+:       It protects you from fire.
 S - a ring of willpower
 V - a +5 ring of evasion (left hand)
 Z - a ring of willpower
Wands
 B - a wand of light (11)
 E - a wand of mindburst (9)
 I - a wand of iceblast (10)
 N - a wand of flame (32)
 W - a wand of polymorph (8)
Scrolls
 b - 3 scrolls of revelation
 g - 2 scrolls of poison
 i - 2 scrolls of enchant weapon
 k - 3 scrolls of teleportation
 l - 2 scrolls of fear
 n - 3 scrolls of immolation {unknown}
 p - 2 scrolls of amnesia {unknown}
 u - 4 scrolls of fog
 v - 2 scrolls of silence {unknown}
 w - a scroll of torment {unknown}
 x - 3 scrolls of blinking {unknown}
 O - 3 scrolls of vulnerability
Potions
 d - 3 potions of might
 e - 2 potions of attraction
 h - 3 potions of brilliance
 o - 5 potions of curing
 q - 3 potions of lignification
 s - 6 potions of haste
 z - 2 potions of magic
 C - 2 potions of cancellation
 F - 2 potions of mutation {unknown}
 J - a potion of enlightenment
 K - 5 potions of heal wounds
 L - a potion of berserk rage
 Q - 13 potions of ambrosia


   Skills:
 - Level 13.5 Fighting
 - Level 18.0 Axes
 - Level 8.0 Throwing
 - Level 13.4 Armour
 - Level 2.0 Dodging
 + Level 0.0 Stealth
 - Level 15.0 Shields
 + Level 9.5 Invocations


You had 14 spell levels left.
You didn't know any spells.
Your spell library contained the following spells:

 Spells                   Type           Power      Damage    Failure   Level
 Sandblast                Erth           0%         2d4       83%         1
 Shock                    Conj/Air       0%         1d3       83%         1
 Inner Flame              Hex/Fire       0%         N/A       99%         3
 Passwall                 Erth           0%         N/A       99%         3
 Stone Arrow              Conj/Erth      0%         3d7       99%         3
 Swiftness                Air            0%         N/A       99%         3
 Airstrike                Air            0%         2d(0-16)  100%        4
 Brom's Barrelling Bould  Conj/Erth      0%         2d3       100%        4
 Dimensional Bullseye     Hex/Tloc       0%         N/A       100%        4
 Iskenderun's Mystic Bla  Conj/Tloc      0%         2d3       100%        4
 Vhi's Electric Charge    Tloc/Air       0%         N/A       100%        4
 Alistair's Intoxication  Alch           0%         N/A       100%        5
 Arcjolt                  Conj/Air       0%         1d10      100%        5
 Borgnjor's Vile Clutch   Necr/Erth      0%         N/A       100%        5
 Irradiate                Conj/Alch      0%         3d11      100%        5
 Eringya's Noxious Bog    Alch           0%         4d6       100%        6
 Plasma Beam              Fire/Air       0%         2x1d10    100%        6
 Borgnjor's Revivificati  Necr           0%         N/A       100%        8
 Ignition                 Fire           0%         3d3       100%        8
 Death's Door             Necr           0%         N/A       100%        9
 Tukima's Dance           Hex            Unusable   N/A       N/A         3
 Haunt                    Necr/Summ      Unusable   N/A       N/A         7

Dungeon Overview and Level Annotations

Branches:
Dungeon (12/15)            Temple (0/1) D:5            Lair (5/5) D:10
 Shoals (0/4) Lair:2        Snake (0/4) Lair:2        Slime (0/5) Lair:5
    Orc (0/2) D:12

Altars:
Dithmenos
Elyvilon
Fedhas
Hepliaklqana
Makhleb
Okawaru
Qazlal
Ru
Trog
Uskayaw
Vehumet
Wu Jian
Xom
The Shining One
Jiyva

Shops:
D:6 [(   D:8 !!

Portals:
Trove: D:12 (give +3 gold dragon scales)

Annotations:
D:6 Jeremiah
D:8 exclusion: statue
D:11 3 runed translucent doors, Voker57's ghost, journeyman DsMo
Lair:4 exclusion: oklob plant


Innate Abilities, Weirdness & Mutations

You have a pair of horns on your head.
You reflexively headbutt those who attack you in melee.


Message History

The Executioner hits you but does no damage.
The Executioner barely misses you.
The Executioner hits you but does no damage. x2
You hit the Executioner but do no damage.
You headbutt the Executioner, but do no damage.
The Executioner is almost dead.
You block the Executioner's attack. x2
The Executioner hits you but does no damage. x2
The Executioner hits you. You block the Executioner's attack.
You hit the Executioner but do no damage.
The Executioner looks as sick as possible!
You headbutt the Executioner, but do no damage.
The Executioner is almost dead.
The Executioner misses you.
The Executioner hits you but does no damage.
You block the Executioner's attack. The Executioner hits you!
* * * LOW HITPOINT WARNING * * *
The Executioner hits you but does no damage. x2
You closely miss the Executioner.
The Executioner is almost dead.
The Executioner hits you but does no damage.
You block the Executioner's attack. x3
The Executioner hits you but does no damage. x2
You slash the Executioner! You headbutt the Executioner.
The Executioner is almost dead.
The Executioner hits you!
* * * LOW HITPOINT WARNING * * *
The Executioner hits you but does no damage.
You block the Executioner's attack. x2
The Executioner hits you but does no damage.
The Executioner hits you.
* * * LOW HITPOINT WARNING * * *
The Executioner hits you!
* * * LOW HITPOINT WARNING * * *
You block the Executioner's attack.
The Executioner hits you but does no damage.
You hit the Executioner but do no damage.
The Executioner is almost dead.
The Executioner hits you!
You die...

...# . .. .#
.. . . .
#...# . . .
.# #.. .#...#
. #..# .. .#
.. ###
.##.#.###.. #
#.#..##. .##
# #@1# #. ..
..#..
##..###.### #
..# #.
#.......#
###...#... .
. #. .# ..###
..#
#........##.#
. # .#.
1#.##..#.#
..#..#.. ..
.#. # ## .#
..##.# .## #.
#### .#.. ..
#


You could see an Executioner (fast, extremely poisoned).

Vanquished Creatures
  An ancient lich (Abyss:1)
  Gastronok (D:8)
  A revenant (Abyss:1)
  Nessos (Lair:5)
  2 minotaurs (D:11)
  A hydra (Lair:3)
  A catoblepas (Lair:2)
  3 boulder beetles
  7 death yaks
  A wretched star (Abyss:1)
  3 skysharks
  A sixfirhy (Abyss:1)
  An anaconda zombie (Abyss:1)
  Pikel (D:8)
  An ugly thing (D:9)
  Maurice (D:8)
  A cyclops (D:11)
  22 elephants
  3 black mambas
  A rust devil (D:11)
  An apocalypse crab (Abyss:1)
  3 torpor snails
  2 molten gargoyles (Lair:3)
  2 gargoyles
  Maggie (D:8)
  4 kobold demonologists
  17 cane toads
  8 rime drakes
  8 komodo dragons
  9 yaktaurs (D:11)
  A queen bee (Lair:1)
  A troll (D:9)
  Prince Ribbit (D:7)
  6 hornets
  33 blink frogs
  4 polar bears (Lair:5)
  13 dream sheep
  2 slime creatures
  Sigmund (D:4)
  2 shadows (D:11)
  14 spriggans (Lair:5)
  3 vampires
  8 wyverns
  A wraith (D:11)
  47 yaks
  A warg (D:12)
  9 basilisks
  4 steam dragons
  4 hogs (D:7)
  2 vampire mosquitoes (D:11)
  A human (D:7)
  Menkaure (D:7)
  A chaos spawn (Abyss:1)
  An acid dragon (D:11)
  3 nagas (Lair:2)
  Duvessa (D:5)
  11 water moccasins
  2 sky beasts (D:7)
  2 ice beasts
  7 orc warriors
  An ogre (D:6)
  4 boggarts (Lair:5)
  7 black bears
  38 wolves
  3 centaurs
  A lemure (D:8)
  5 kobold brigands
  Blork the orc (D:3)
  11 bullfrogs
  A gnoll sergeant (D:9)
  2 scorpions
  10 wights (D:7)
  Dowan (D:5)
  43 killer bees
  A howler monkey (D:6)
  4 electric eels
  4 bombardier beetles
  2 hounds (D:5)
  3 jellies
  5 lava snakes (Lair:3)
  7 orc priests
  A gnoll bouda (D:3)
  An iguana (D:5)
  2 sleepcaps
  5 orc wizards
  Robin (D:2)
  16 gnolls
  7 adders
  2 white imps
  5 ribbon worms
  3 dart slugs
  33 orcs
  10 ball pythons
  6 endoplasms
  4 giant cockroaches
  17 goblins
  15 hobgoblins
  12 jackals
  21 kobolds
  2 quokkas
  3 bats
  4 frilled lizards
  6 rats
626 creatures vanquished.

Vanquished Creatures (others)
  A gnoll (D:11)
1 creature vanquished.

Grand Total: 627 creatures vanquished

Notes
Turn   | Place    | Note
-------+----------+-------------------------------------------
     0 | D:1      | MacCMillion the Minotaur Fighter began the quest for the
                  | Orb.
     0 | D:1      | Reached XP level 1. HP: 19/19 MP: 0/0
   133 | D:1      | Reached skill level 3 in Axes
   133 | D:1      | Reached XP level 2. HP: 26/26 MP: 1/1
   643 | D:1      | Reached skill level 4 in Axes
   643 | D:1      | Reached XP level 3. HP: 31/31 MP: 2/2
  1147 | D:2      | Reached skill level 5 in Axes
  1169 | D:2      | Reached XP level 4. HP: 38/39 MP: 3/3
  1230 | D:2      | Noticed Robin
  1262 | D:2      | Killed Robin
  1766 | D:2      | Reached skill level 6 in Axes
  1897 | D:3      | Found an iron altar of Okawaru.
  1905 | D:3      | Became a worshipper of Warmaster Okawaru
  2041 | D:3      | Found an ornate altar of the Wu Jian Council.
  2042 | D:3      | Found a blossoming altar of Fedhas.
  2043 | D:3      | Found a shadowy altar of Dithmenos.
  2044 | D:3      | Found a hide-covered altar of Uskayaw.
  2078 | D:3      | Reached XP level 5. HP: 44/45 MP: 4/4
  2254 | D:3      | Found a shimmering altar of Xom.
  2290 | D:3      | Found a sacrificial altar of Ru.
  2331 | D:3      | Reached skill level 7 in Axes
  2533 | D:4      | Noticed Blork the orc
  2549 | D:3      | Killed Blork the orc
  2550 | D:3      | Reached XP level 6. HP: 23/51 MP: 5/5
  2556 | D:3      | Reached skill level 8 in Axes
  2646 | D:4      | Noticed Sigmund
  2708 | D:4      | Noticed an ice beast
  2727 | D:4      | Killed an ice beast
  2727 | D:4      | Reached * piety under Okawaru
  2728 | D:4      | Reached skill level 1 in Invocations
  2908 | D:4      | Reached XP level 7. HP: 53/57 MP: 7/7
  2965 | D:4      | Found a hazy altar of Hepliaklqana.
  3361 | D:4      | Killed Sigmund
  3362 | D:4      | Reached skill level 9 in Axes
  3503 | D:5      | Entered Level 5 of the Dungeon
  3784 | D:5      | Reached skill level 10 in Axes
  4109 | D:5      | Found a staircase to the Ecumenical Temple.
  4142 | D:5      | Reached skill level 1 in Dodging
  4145 | D:5      | Reached XP level 8. HP: 49/66 MP: 9/9
  4294 | D:5      | Reached ** piety under Okawaru
  4297 | D:5      | Noticed Dowan
  4556 | D:5      | Noticed Duvessa
  4574 | D:5      | Killed Duvessa
  4583 | D:5      | Killed Dowan
  4611 | D:5      | Found a staircase to the Ecumenical Temple.
  4886 | D:6      | Found Pited's Antique Weapon Boutique.
  4922 | D:6      | Identified the +1 helmet of the Scuffed God {Dex+7}
  4974 | D:6      | Found Herequadu's Armour Shoppe.
  4989 | D:6      | Reached skill level 5 in Fighting
  4989 | D:6      | Reached skill level 5 in Armour
  5131 | D:6      | Noticed Jeremiah
  5438 | D:6      | Found a glowing golden altar of the Shining One.
  5461 | D:6      | Found a bloodstained altar of Trog.
  5542 | D:7      | Reached skill level 11 in Axes
  5606 | D:7      | Reached XP level 9. HP: 62/78 MP: 7/10
  5626 | D:7      | Found a burning altar of Makhleb.
  5647 | D:7      | Noticed Prince Ribbit
  5669 | D:7      | Killed Prince Ribbit
  5669 | D:7      | Reached *** piety under Okawaru
  5883 | D:7      | Reached skill level 12 in Axes
  5985 | D:7      | Noticed Menkaure
  5990 | D:7      | Killed Menkaure
  6213 | D:7      | Reached XP level 10. HP: 45/90 MP: 11/11
  6686 | D:8      | Noticed Maggie
  6690 | D:8      | Killed Maggie
  6774 | D:8      | Found a stormy altar of Qazlal.
  6784 | D:8      | Found Itas's Distillery.
  6796 | D:8      | Bought a potion of heal wounds for 65 gold pieces
  6796 | D:8      | Bought a potion of berserk rage for 65 gold pieces
  6805 | D:8      | Noticed Gastronok
  6827 | D:8      | Killed Gastronok
  6827 | D:8      | Reached **** piety under Okawaru
  6828 | D:8      | Reached skill level 13 in Axes
  6828 | D:8      | Reached skill level 5 in Invocations
  6871 | D:8      | Found a radiant altar of Vehumet.
  6931 | D:8      | Noticed Maurice
  6935 | D:8      | Maurice stole a +1 war axe
  6947 | D:8      | Killed Maurice
  7044 | D:8      | Found Paen's Distillery.
  7055 | D:8      | Bought a potion of cancellation for 80 gold pieces
  7088 | D:8      | Noticed Pikel
  7103 | D:8      | Killed Pikel
  7103 | D:8      | Reached ***** piety under Okawaru
  7636 | D:9      | Reached skill level 10 in Fighting
  7636 | D:9      | Reached skill level 10 in Armour
  7643 | D:9      | Reached XP level 11. HP: 77/99 MP: 14/14
  8089 | D:9      | Noticed a cyan ugly thing
  8102 | D:9      | Killed a cyan ugly thing
  8181 | D:9      | Paralysed by a hornet for 1 turns
  8511 | D:10     | Entered Level 10 of the Dungeon
  8785 | D:10     | Reached skill level 14 in Axes
  8963 | D:10     | Found a white marble altar of Elyvilon.
  9030 | D:10     | Received a gift from Okawaru
  9092 | D:10     | Found a staircase to the Lair.
  9323 | D:11     | Reached skill level 5 in Shields
  9838 | D:11     | Noticed a death yak
  9838 | D:11     | Noticed a death yak
  9838 | D:11     | Noticed a minotaur
  9839 | D:11     | Noticed a death yak
  9839 | D:11     | Noticed a minotaur
  9945 | D:11     | Noticed a minotaur
  9946 | D:11     | Noticed Voker57's ghost (journeyman DsMo)
  9946 | D:11     | Noticed a two-headed ogre
  9973 | D:11     | Received a gift from Okawaru
 10025 | D:11     | Reached XP level 12. HP: 17/110 MP: 9/16
 10217 | Lair:1   | Entered Level 1 of the Lair of Beasts
 10223 | Lair:1   | Noticed a boulder beetle
 10472 | Lair:1   | Killed a boulder beetle
 10708 | Lair:1   | Received a gift from Okawaru
 10997 | Lair:1   | Reached skill level 15 in Axes
 11611 | Lair:2   | Received a gift from Okawaru
 11736 | Lair:2   | Reached XP level 13. HP: 119/119 MP: 18/18
 11747 | Lair:2   | Found a staircase to the Shoals.
 11869 | Lair:2   | Reached skill level 1 in Throwing
 12007 | Lair:2   | Found a staircase to the Snake Pit.
 12326 | Lair:2   | Received a gift from Okawaru
 12877 | Lair:2   | Reached skill level 16 in Axes
 13571 | Lair:3   | Reached skill level 10 in Shields
 13749 | Lair:3   | Reached skill level 5 in Throwing
 13749 | Lair:3   | Received a gift from Okawaru
 14677 | Lair:4   | Reached skill level 17 in Axes
 14730 | Lair:4   | Received a gift from Okawaru
 14733 | Lair:4   | Reached XP level 14. HP: 112/129 MP: 19/19
 15183 | Lair:5   | Entered Level 5 of the Lair of Beasts
 15223 | Lair:5   | Received a gift from Okawaru
 15257 | Lair:5   | Noticed Nessos
 15465 | Lair:5   | Killed Nessos
 15465 | Lair:5   | Reached ****** piety under Okawaru
 15549 | Lair:5   | Found a viscous altar of Jiyva.
 15549 | Lair:5   | Found a staircase to the Slime Pits.
 15622 | Lair:5   | Received a gift from Okawaru
 15808 | Lair:5   | Reached skill level 18 in Axes
 16599 | Lair:5   | Acquired the +5 broad axe "Soxzanak" {venom, Int+4 Dex+3}
 16599 | Lair:5   | Received a gift from Okawaru
 16600 | Lair:5   | Acquired a +0 pair of gloves of strength
 16600 | Lair:5   | Received a gift from Okawaru
 16638 | Lair:5   | Received a gift from Okawaru
 17226 | Lair:5   | Found a viscous altar of Jiyva.
 17226 | Lair:5   | Found a staircase to the Slime Pits.
 18657 | D:11     | Found a runed translucent gate.
 18657 | D:11     | Found a runed translucent gate.
 18660 | D:11     | Found a runed translucent gate.
 18867 | D:11     | Identified the staff of Wovviakh {rF+ rCorr Fire}
 18897 | D:11     | Identified the +8 short sword of Wacoeg Vobe {antimagic,
                  | *Rage rF+ rC++}
 18897 | D:11     | Identified the ring "Nojoma" {rF+ Str+3}
 18979 | D:11     | Reached XP level 15. HP: 125/135 MP: 13/20
 19267 | D:12     | Reached skill level 15 in Shields
 19278 | D:12     | Found a portal to a secret trove of treasure.
 19521 | D:12     | Found a staircase to the Orcish Mines.
 19534 | Abyss:1  | Found a corrupted altar of Lugonu.
 19534 | Abyss:1  | Cast into level 1 of the Abyss (orc wizard)
 19536 | Abyss:1  | Found a corrupted altar of Lugonu.
 19581 | Abyss:1  | Found a corrupted altar of Lugonu.
 19614 | Abyss:1  | Received a gift from Okawaru
 19614 | Abyss:1  | Noticed an ancient lich
 19628 | Abyss:1  | Noticed a revenant
 19644 | Abyss:1  | Killed an ancient lich
 19646 | Abyss:1  | Killed a revenant
 19675 | Abyss:1  | Noticed a tentacled starspawn
 19707 | Abyss:1  | Noticed an Executioner
 19728 | Abyss:1  | Slain by an Executioner

Illustrated notes

Levels and vault maps discovered:
D:1:      ncdulo_smallfort, layout_basic
D:2:      layout_basic, grunt_decor_one_mirror, uniq_robin
D:3:      minmay_octagon_keep, layout_rooms, old_standard_altar,
          okawaru_gym_becter, mainiacjoe_overflow_tiny_flanked,
          mainiacjoe_overflow_alcove_3
D:4:      layout_rooms, kennysheep_mini_moat, uniq_blork_the_orc, uniq_sigmund
D:5:      layout_rooms, minmay_temple_entry_slanted, uniq_duvessa
D:6:      layout_rooms, general_overflow_altar, lightli_temple_of_fire,
          serial_shops, shop, nicolae_shop_tiny_glass, uniq_jeremiah
D:7:      layout_basic, kennysheep_mini, grunt_livestock,
          palyth_stone_intersect, uniq_prince_ribbit1, uniq_menkaure
D:8:      layout_basic, grunt_qazlal_sundering, vehumet_statue, serial_shops,
          shop, shop, minmay_door_square, serial_park_tiny_2, uniq_gastronok,
          uniq_pikel, uniq_maurice, uniq_maggie
D:9:      layout_loops_ring, blue_anna_alchemist
D:10:     cheibrodos_iron_armory, layout_loops_ring, amcnicky_altar_gilded,
          due_lair_maze_entry_diamond
D:11:     fort_yaktaur, layout_loops_cross, maelrawn_ghost_gauntlet_escape
D:12:     layout_rooms, david_orc_3, nicolae_trove_entry_crystal,
          kennysheep_cross_bottleneck
Lair:1:   layout_roguey [special_room_bee], grunt_megastairs_5
Lair:2:   regret_index_malice_mire, layout_gridlike, elwin_shoals_entry_rocks,
          nicolae_snake_entry_squirm, infiniplex_staircase_pool
Lair:3:   cheibrodos_magma_flow, layout_misc_corridors
Lair:4:   layout_big_grid, minmay_lair_oklob_items
Lair:5:   minmay_lair_end_enchanted_forest, layout_regular_city,
          minmay_slime_entry_pillars, uniq_nessos
Abyss:1:  base:
Lair:2

Skill      XL: |  1  2  3  4  5  6  7  8  9 10 11 12 13 14 15 |
---------------+----------------------------------------------+-----
Axes           | 3 4 5 6 7 8 10 11 12 13 14 15 17 18 | 18.0
Shields        | 4 6 8 10 14 15 | 15.0
Invocations    | 2 3 5 7 9 |  9.5
Dodging        | 1 2 |  2.0
Fighting       | 4 6 8 10 11 12 13 | 13.5
Armour         | 4 6 8 10 11 12 13 | 13.4
Throwing       | 6 8 |  8.0

Action                     |  1- 3 |  4- 6 |  7- 9 | 10-12 | 13-15 || total
---------------------------+-------+-------+-------+-------+-------++-------
  Melee: War axe           |    76 |   140 |   278 |    38 |       ||   532
         Headbutt          |     8 |    16 |    44 |   143 |   235 ||   446
         Broad axe         |       |       |       |   602 |   937 ||  1539
         Whip              |       |       |       |       |     8 ||     8
  Throw: Dart              |       |       |       |     7 |       ||     7
         Javelin           |       |       |       |     2 |     2 ||     4
         Boomerang         |       |       |       |       |     5 ||     5
 Invoke: Heroism           |       |       |     7 |    15 |    11 ||    33
         Finesse           |       |       |       |     2 |     2 ||     4
         Receive Weapon    |       |       |       |       |     1 ||     1
         Receive Armour    |       |       |       |       |     1 ||     1
  Evoke: Wand              |       |       |       |     7 |     3 ||    10
    Use: Scroll            |       |       |    11 |     2 |     6 ||    19
         Potion            |       |       |       |       |     1 ||     1
 Armour: Scale mail        |    41 |       |       |       |       ||    41
         Chain mail        |       |   101 |   204 |   314 |    96 ||   715
         Swamp dragon scal |       |       |       |   128 |   481 ||   609
  Dodge: Dodged            |    40 |    38 |   103 |   315 |   490 ||   986
  Block: Buckler           |    18 |    26 |    42 |   124 |    61 ||   271
         Kite shield       |       |       |       |       |   411 ||   411

Table legend: (Time is in decaauts)
 A = Elapsed time spent in this place.
 B = Non-inter-level travel time spent in this place.
 C = Inter-level travel time spent in this place.
 D = Time resting spent in this place.
 E = Time spent auto-exploring this place.
 F = Levels seen in this place.
 G = Mean time per level.
                   A        B        C        D        E       F      G
               +--------+--------+--------+--------+--------+-----+--------+
         Total |  19485 |  18384 |   1101 |   4103 |   9925 |  18 | 1082.5 |
       Dungeon |  11660 |  11096 |    564 |   2436 |   6045 |  12 |  971.7 |
          Lair |   7632 |   7095 |    537 |   1642 |   3880 |   5 | 1526.4 |
         Abyss |    192 |    192 |      0 |     25 |      0 |   1 |  192.0 |
               +--------+--------+--------+--------+--------+-----+--------+

Top non-repeatable levels by time:
  Lair:5: 2582 daAuts
    D:11: 1687 daAuts
  Lair:2: 1579 daAuts
  Lair:3: 1515 daAuts
     D:5: 1347 daAuts
     D:7: 1153 daAuts
     D:3: 1079 daAuts
     D:9: 1067 daAuts
  Lair:1: 1053 daAuts
    D:10: 997 daAuts
     D:1: 960 daAuts
     D:2: 952 daAuts
     D:8: 909 daAuts
  Lair:4: 902 daAuts
     D:6: 627 daAuts
